 Dungeon Crawl Stone Soup version 0.29.1-15-g9cfb28693d (webtiles) character file.

Game seed: 3527387281186788905

1137 H0rd4k the Insei (level 8, 0/55 HPs)
             Began as an Octopode Artificer on Mar 28, 2023.
             Slain by an orc
             ... wielding a +0 trident
              (2 damage)
             ... on level 6 of the Dungeon.
             The game lasted 00:05:02 (6059 turns).

H0rd4k the Insei (Octopode Artificer)               Turns: 6059, Time: 00:05:02

Health: 0/55       AC:  1    Str: 11    XL:     8   Next: 36%
Magic:  14/14      EV: 13    Int: 15    God:
Gold:   293        SH:  0    Dex: 13    Spells: 16/16 levels left

rFire   x . .      SeeInvis .     - Unarmed
rCold   + . .      Faith    .   (no shield)
rNeg    . . .      Spirit   .   (helmet restricted)
rPois   +          Reflect  .   (no amulet)
rElec   .          Harm     .   e - ring of poison resistance
rCorr   .          Rampage  .   i - ring of ice
Will    .....                   (no ring)
Stlth   +++.......              (no ring)
HPRegen 0.18/turn               (no ring)
MPRegen 0.14/turn               (no ring)
                                (no ring)
                                (no ring)

@: no status effects
A: almost no armour, amphibious, 8 rings, camouflage 1, gelatinous body 1,
(nimble swimmer 1), tentacles
a: no special abilities


You were on level 6 of the Dungeon.
You visited 1 branch of the dungeon, and saw 6 of its levels.

You collected 293 gold pieces.

Inventory:

Missiles
 d - 3 curare-tipped darts
Armour
 s - an orb of guile
Jewellery
 e - a ring of poison resistance (left tentacle)
 i - a ring of ice (right tentacle)
Wands
 b - a wand of flame (10) (quivered)
 c - a wand of charming (7)
Scrolls
 a - 3 scrolls of teleportation {unknown}
 j - 6 scrolls of identify {unknown}
 k - 3 scrolls of enchant armour {unknown}
 m - a scroll of vulnerability {unknown}
 o - a scroll of fear {unknown}
 q - a scroll of poison {unknown}
 r - a scroll of enchant weapon {unknown}
 t - a scroll of blinking {unknown}
Potions
 f - 7 potions of curing {unknown}
 g - 2 potions of heal wounds {unknown}
 h - a potion of magic {unknown}
 l - 2 potions of lignification {unknown}
 n - a potion of attraction {unknown}
 p - 2 potions of might {unknown}


   Skills:
 + Level 5.2 Fighting
 - Level 2.3 Dodging
 - Level 1.3 Stealth
 - Level 6.0 Unarmed Combat
 * Level 4.6 Spellcasting
 - Level 3.2 Evocations


You had 16 spell levels left.
You didn't know any spells.
Your spell library contained the following spells:

 Spells                   Type           Power      Damage    Failure   Level
 Ignite Poison            Fire/Tmut/Pois 3%         N/A       45%         3
 Mephitic Cloud           Conj/Pois/Air  3%         N/A       45%         3
 Freezing Cloud           Conj/Ice/Air   2%         6-21      99%         5


Dungeon Overview and Level Annotations

Branches:
Dungeon (6/15)
 Temple: D:4-7

Altars:
The Shining One

Annotations:
D:2 1 runed translucent door, exclusion: door, Crazy Yiuf
D:4 Ijyb
D:5 Grinder


Innate Abilities, Weirdness & Mutations

You cannot wear most types of armour.
You are amphibious.
You can wear up to eight rings at the same time.
Your skin changes colour to match your surroundings (Stealth+).
Your rubbery body absorbs attacks. (AC +1, EV +1)
((You are camouflaged when in or above water. (Stealth+)))
You have tentacles for arms and can constrict up to eight enemies at once.


Message History

16 gold pieces; a +0 flail An orc comes into view.
It is wielding a +0 trident.
The orc shouts!
You hear a shout!
The iguana hisses angrily.
The orc drinks a potion.
The orc flickers and vanishes!
Deactivating autopickup; reactivate with Ctrl-A.
The iguana bites you! Something barely misses you.
You tentacle-slap the iguana. Your grab misses the iguana.
You squeeze the iguana.
The iguana is moderately wounded.
The iguana closely misses you. Something hits you!
You barely miss the iguana. You grab the iguana.
The iguana is moderately wounded.
You constrict the iguana. The iguana closely misses you. Something hits you.
* * * LOW HITPOINT WARNING * * *
You tentacle-slap the iguana.
The iguana is severely wounded.
You constrict the iguana, but do no damage.
The iguana completely misses you. Something hits you!
* * * LOW HITPOINT WARNING * * *
You tentacle-slap the iguana.
The iguana is almost dead.
You constrict the iguana. The iguana bites you.
* * * LOW HITPOINT WARNING * * *
Something barely misses you.
You tentacle-slap the iguana but do no damage.
The iguana is almost dead.
You constrict the iguana.
You kill the iguana!
Something hits you.
* * * LOW HITPOINT WARNING * * *
Okay, then.
Saving game... please wait.
Welcome back, H0rd4k the Octopode Artificer.
Press ? for a list of commands and other information.
Aiming: Throw Flame
Press: ? - help, Shift-Dir - straight line, f - orc
Aim: an orc, wielding a +0 war axe (71% to hit)
The puff of flame hits something.
Something hits you.
You die...

....>.........########
.............##
.............#
.##..........#
######.##### #o# #†#
#.# #@# #.# ..# ####


You could see an orc.

Vanquished Creatures
  A water moccasin (D:6)
  2 black bears
  2 necrophages (D:6)
  2 bullfrogs (D:6)
  3 scorpions
  2 hounds (D:6)
  3 iguanas
  Terence (D:2)
  2 orc wizards
  5 adders
  A white imp (D:6)
  An ufetubus (D:6)
  4 worms
  A dart slug (D:1)
  6 orcs
  7 endoplasms
  4 giant cockroaches
  6 goblins
  6 hobgoblins
  3 jackals (D:2)
  5 kobolds
  4 quokkas
  15 ball pythons
  4 bats
  9 frilled lizards
  5 rats
104 creatures vanquished.

Vanquished Creatures (collateral kills)
  A jelly (D:6)
  6 orcs
  A giant cockroach (D:4)
  A quokka (D:3)
  2 kobolds
11 creatures vanquished.

Vanquished Creatures (others)
  A scorpion (D:3)
  An iguana (D:6)
  An orc (D:4)
3 creatures vanquished.

Grand Total: 118 creatures vanquished

Notes
Turn   | Place    | Note
-------+----------+-------------------------------------------
     0 | D:1      | H0rd4k the Octopode Artificer began the quest for the Orb.
     0 | D:1      | Reached XP level 1. HP: 13/13 MP: 1/1
    66 | D:1      | Reached skill level 1 in Spellcasting
    66 | D:1      | Reached XP level 2. HP: 13/18 MP: 3/3
   820 | D:1      | Found a faded altar of an unknown god.
  1038 | D:1      | Reached XP level 3. HP: 22/24 MP: 5/5
  1349 | D:2      | Noticed Terence
  1537 | D:2      | Reached skill level 1 in Unarmed Combat
  1800 | D:2      | Killed Terence
  1801 | D:2      | Reached XP level 4. HP: 30/30 MP: 5/7
  1811 | D:2      | Reached skill level 2 in Unarmed Combat
  2480 | D:2      | Found a runed translucent door.
  2481 | D:2      | Noticed Crazy Yiuf
  2622 | D:3      | Noticed a black bear
  2625 | D:3      | Killed a black bear
  2626 | D:3      | Reached skill level 3 in Unarmed Combat
  2626 | D:3      | Reached XP level 5. HP: 34/35 MP: 8/8
  2738 | D:3      | Identified the +2 pair of boots "Baosuw" {rN+ rCorr SInv}
  2769 | D:3      | Found a glowing golden altar of the Shining One.
  3579 | D:3      | Reached XP level 6. HP: 41/41 MP: 9/9
  3722 | D:4      | Noticed a black bear
  3727 | D:4      | Killed a black bear
  3728 | D:4      | Reached skill level 4 in Unarmed Combat
  3734 | D:4      | Noticed an orc warrior
  3956 | D:4      | Noticed Ijyb
  4295 | D:4      | Reached XP level 7. HP: 42/46 MP: 11/11
  4309 | D:5      | Entered Level 5 of the Dungeon
  4448 | D:5      | Reached skill level 5 in Unarmed Combat
  4638 | D:5      | Noticed Grinder
  5541 | D:6      | Reached skill level 6 in Unarmed Combat
  5640 | D:6      | Reached XP level 8. HP: 47/54 MP: 13/13
  6030 | D:6      | Reached skill level 5 in Fighting
  6057 | D:6      | HP: 2/55 [something (6)]
  6059 | D:6      | Slain by an orc

Illustrated notes

Levels and vault maps discovered:
D:1:      nzn_arrival_crosshair, layout_basic, ebering_ecumenical_altar_hall
D:2:      layout_loops_ring, uniq_crazy_yiuf_cottage, uniq_terence
D:3:      layout_basic, lemuel_doored_altar, minmay_misc_feat_plants,
          corexii_leaking_fountain, minivault_24
D:4:      layout_basic, uniq_ijyb
D:5:      layout_basic, minmay_temple_entry_trees, uniq_grinder
D:6:      layout_basic

Skill      XL: |  1  2  3  4  5  6  7  8 |
---------------+-------------------------+-----
Spellcasting   | 1 2 3 4 |  4.6
Fighting       | 2 3 4 5 |  5.2
Unarmed Combat | 1 3 4 6 |  6.0
Dodging        | |  2.3
Stealth        | |  1.3
Evocations     | |  3.2

Action                   |  1- 3 |  4- 6 |  7- 9 || total
-------------------------+-------+-------+-------++-------
Melee: Unarmed           |    90 |    99 |    86 ||   275
       Constrict         |    30 |    25 |    20 ||    75
       Tentacles         |    22 |    14 |    23 ||    59
       Punch             |     1 |     2 |     5 ||     8
Evoke: Wand              |     4 |    12 |     2 ||    18
 Stab: Sleeping          |     8 |    11 |     4 ||    23
Armor: Skin              |    12 |     6 |     3 ||    21
Dodge: Dodged            |    62 |    54 |    44 ||   160
